 Dungeon Crawl Stone Soup version 0.26-a0-660-gc07710193c (webtiles) character file.

Game seed: 14554588902504696143

35537 dickylongcocking the Fighter (level 13, -12/124 HPs)
             Began as a White Draconian Conjurer on Oct 7, 2020.
             Was an Initiate of Gozag.
             Mangled by a phantasmal warrior (15 damage)
             ... summoned by a lich
             ... on level 1 of the Abyss.
             The game lasted 00:31:40 (23294 turns).

dickylongcocking the Fighter (DrCj)                Turns: 23294, Time: 00:31:40

Health: -12/124    AC: 14    Str: 10    XL:     13   Next: 48%
Magic:  0/23       EV: 16    Int: 24    God:    Gozag
Gold:   126        SH:  0    Dex: 11    Spells: 5/31 levels left

rFire    . . .     SeeInvis +   s - +0 dagger (venom)
rCold    + . .     Faith    .   (no shield)
rNeg     . . .     Spirit   +   (armour unavailable)
rPois    .         Reflect  .   w - +2 hat
rElec    .         Harm     .   m - +1 cloak of the Sacrificial Victim {Dex+2}
rCorr    .         Rampage  .   r - +1 pair of gloves
MR       .....     Clarity  +   (no boots)
Stlth    +++.......             v - amulet of guardian spirit
HPRegen  0.00/turn              e - ring of see invisible
MPRegen  0.18/turn              (no ring)

@: marked, non-regenerating, mildly diseased, hasted, very quick
A: breathe frost, unfitting armour, clarity, cold resistance 1, low mp 1,
cold-blooded, AC +8
a: Breathe Frost, Potion Petition, Call Merchant, Bribe Branch, Renounce
Religion


You were on level 1 of the Abyss.
You worshipped Gozag.
Gozag was aware of your devotion.
You visited 2 branches of the dungeon, and saw 14 of its levels.
You visited the Abyss 1 time.

You collected 4015 gold pieces.
You spent 1635 gold pieces at shops.
You paid 2254 gold pieces to Gozag.

Inventory:

Hand Weapons
 d - a +0 dagger
 f - a +0 battleaxe of freezing
 s - a +0 dagger of venom (weapon)
Armour
 m - the +1 cloak of the Sacrificial Victim (worn) {Dex+2}
   (You found it on level 9 of the Dungeon)

   It affects your dexterity (+2).
 r - a +1 pair of gloves (worn)
 t - a +0 cloak
 w - a +2 hat (worn)
Magical Staves
 y - an uncursed staff of fire
Jewellery
 e - a ring of see invisible (left hand)
 v - an amulet of guardian spirit (around neck)
 z - the ring of Kyukeuw {MP+9 Int+2 SInv, unknown}
   (You found it on level 1 of the Abyss)

   [ring of magical power]

   It affects your intelligence (+2).
   It affects your magic capacity (+9).
   It lets you see invisible.
 G - an uncursed amulet of faith {unknown}
Wands
 g - a wand of random effects (38)
 D - a wand of polymorph (4)
Scrolls
 i - 2 scrolls of enchant weapon
 k - 2 scrolls of immolation
 l - 3 scrolls of identify
 p - 5 scrolls of remove curse
 q - 2 scrolls of noise
 C - 2 scrolls of amnesia
 E - a scroll of fog
 F - a scroll of fear
Potions
 a - a potion of haste
 b - 3 potions of brilliance
 h - a potion of berserk rage
 j - 5 potions of degeneration
 n - a potion of mutation
 u - a potion of stabbing
 x - a potion of flight


   Skills:
 - Level 14.0 Fighting
 - Level 8.0 Dodging
 - Level 6.1 Stealth
 - Level 9.5 Spellcasting
 - Level 10.0 Conjurations
 * Level 5.6 Transmutations
 - Level 3.5 Ice Magic
 - Level 4.5 Evocations


You had 5 spell levels left.
You knew the following spells:

 Your Spells              Type           Power        Failure   Level
a - Magic Dart            Conj           ####         1%          1
b - Searing Ray           Conj           ######       1%          2
c - Dazzling Flash        Conj/Hex       #####.       2%          3
d - Iskenderun's Mystic   Conj/Tloc      #####...     7%          4
e - Ice Form              Ice/Tmut       ####....     9%          4
f - Dragon Form           Tmut           #####.....   99%         7
g - Irradiate             Conj/Tmut      #####.....   6%          5

Your spell library contained the following spells:

 Spells                   Type           Power        Failure   Level
 Beastly Appendage        Tmut           #####.       1%          1
 Wereblood                Tmut           #####...     1%          2
 Animate Skeleton         Necr           ##....       5%          1
 Pain                     Necr           ##..         5%          1
 Spider Form              Tmut/Pois      ####......   5%          3
 Fulminant Prism          Conj/Hex       #####.....   7%          4
 Blade Hands              Tmut           #####.....   16%         5
 Vampiric Draining        Necr           ##........   17%         3
 Animate Dead             Necr           ##........   50%         4
 Agony                    Necr           ##......     83%         5
 Hydra Form               Tmut           #####.....   63%         6
 Statue Form              Tmut/Erth      ####.....    95%         6


Dungeon Overview and Level Annotations

Branches:
Dungeon (12/15)            Temple (0/1) D:4            Lair (0/6) D:11
    Orc (2/2) D:10            Elf (0/3) Orc:2

Altars:
Ashenzari
Cheibriados
Dithmenos
Gozag
Makhleb
Nemelex Xobeh
Ru
Sif Muna
Trog
Yredelemnul
The Shining One
Beogh

Shops:
D:10 ?!   Orc:2 (*[:*

Annotations:
D:12 Psyche


Innate Abilities, Weirdness & Mutations

You can breathe waves of freezing cold.
You can buffet flying creatures when you breathe cold.
Your icy white scales are hard. (AC +8)
You cannot fit into any form of body armour.
Your flesh is cold resistant. (rC+)
You are cold-blooded and may be slowed by cold attacks.
You possess an exceptional clarity of mind.
Your magical capacity is low. (-10% MP)


Message History

A purple very ugly thing is nearby!
Unknown command.
You hear a chilling moan.
You feel yourself speed up.
A lich comes into view.
The lich casts a spell at you.
You feel haunted.
A starcursed mass comes into view.
Unknown command.
The phantasmal warrior blinks!
The phantasmal warrior blinks!
You hear a roar!
Okay, then.
The phantasmal warrior blinks!
The phantasmal warrior blinks!
Something shouts, "Out, out, thou mangled spleeny hedge-pig!"
An iron imp comes into view.
The phantasmal warrior hits you!!
You die...
Your body crumbles into a pile of gold.

#######.L#.#..#..
. ##...#...#.#..#
...#
#...#L##..#..###.
. #..#.##...###
#... #....5...#
### #
###.#ยงยง#..#
##..#......# .
#.#.W..#..#. .
#....@#.##..#.#
##.#....# .#..
##........# #
#....#.#..#
#.#.....###
..##..... #.# ..#
#.. .. #.# ###


You could see a lich, a phantasmal warrior (summoned) and an iron imp.

Vanquished Creatures
  The ghost of relicbr the Frost Mage, a journeyman NaIE of Vehumet (Orc:1)
  2 two-headed ogres
  A death yak (Orc:1)
  An orc high priest (Orc:2)
  An unseen horror (D:10)
  A wizard (Abyss:1)
  Pikel (D:8)
  4 orc knights
  2 ugly things (D:11)
  5 orc sorcerers
  2 cyclopes (D:11)
  Maurice (D:8)
  A rust devil (Abyss:1)
  A gargoyle (D:11)
  An ancient zyme (Abyss:1)
  6 trolls
  A hornet (D:10)
  4 raiju (Abyss:1)
  4 wyverns
  A meliai zombie (D:11)
  A wraith (D:10)
  16 yaks
  3 basilisks
  Grum (D:10)
  A large abomination (Abyss:1)
  6 wargs
  4 water moccasins
  A sky beast (D:7)
  19 orc warriors
  2 ice beasts
  4 black bears
  6 wolves
  3 phantoms
  9 ogres
  3 centaurs
  A lemure (D:8)
  2 big kobolds
  5 bullfrogs
  A gnoll sergeant (D:6)
  A water moccasin zombie (D:5)
  A scorpion (D:8)
  9 killer bees
  3 howler monkeys (D:9)
  An electric eel (D:7)
  A centaur zombie (D:7)
  2 bullfrog zombies
  A quasit (D:8)
  A centaur skeleton (D:6)
  4 hounds
  13 orc priests
  5 jellies
  12 orc wizards
  7 iguanas
  7 worker ants
  A hound skeleton (D:5)
  2 worker ant zombies (D:5)
  3 gnolls (D:6)
  10 adders
  3 shadow imps
  6 white imps
  3 ufetubi
  An ooze (D:1)
  2 adder zombies
  An adder skeleton (D:5)
  4 worms
  A dart slug (D:1)
  5 leopard geckos
  52 orcs
  A ball python (D:6)
  5 giant cockroaches
  6 goblins
  3 hobgoblins
  15 jackals
  2 quokkas
  3 bats
  3 frilled lizards
  A jackal skeleton (D:4)
  A jackal zombie (D:5)
  20 kobolds
  A leopard gecko zombie (D:5)
  4 rats
  A starspawn tentacle (Abyss:1)
357 creatures vanquished.

Vanquished Creatures (others)
  22 fungi
  21 plants
  3 starspawn tentacles (Abyss:1)
46 creatures vanquished.

Grand Total: 403 creatures vanquished

Notes
Turn   | Place    | Note
-------+----------+-------------------------------------------
     0 | D:1      | dickylongcocking the Draconian Conjurer began the quest for
                  | the Orb.
     0 | D:1      | Reached XP level 1. HP: 14/14 MP: 3/3
   203 | D:1      | Reached XP level 2. HP: 20/20 MP: 0/5
   457 | D:1      | You fall into a shaft and drop 1 floor!
   670 | D:2      | Reached XP level 3. HP: 26/26 MP: 4/6
   713 | D:2      | Learned a level 2 spell: Searing Ray
   717 | D:2      | Learned a level 3 spell: Dazzling Flash
   919 | D:2      | Found a basalt altar of Yredelemnul.
   921 | D:2      | Noticed a profane servitor
   930 | D:2      | Found a glowing golden altar of the Shining One.
  1064 | D:2      | Found a sacrificial altar of Ru.
  1071 | D:2      | Found a bloodstained altar of Trog.
  1081 | D:2      | Found an opulent altar of Gozag.
  1088 | D:2      | Found a broken altar of Ashenzari.
  1095 | D:2      | Found a snail-covered altar of Cheibriados.
  1100 | D:2      | Found a shadowy altar of Dithmenos.
  1108 | D:2      | Found a sparkling altar of Nemelex Xobeh.
  1291 | D:2      | Reached skill level 5 in Conjurations
  1667 | D:2      | Noticed an angel
  1743 | D:2      | Became a worshipper of Gozag Ym Sagoz the Greedy
  2085 | D:3      | Reached XP level 4. HP: 33/33 MP: 4/7
  2425 | D:3      | Found a shimmering blue altar of Sif Muna.
  2697 | D:3      | Reached XP level 5. HP: 32/38 MP: 1/8
  3171 | D:4      | Noticed an ogre
  3179 | D:4      | Killed an ogre
  3381 | D:4      | Noticed a phantom
  3390 | D:4      | Killed a phantom
  3390 | D:4      | Reached XP level 6. HP: 41/45 MP: 0/9
  4107 | D:4      | Found a staircase to the Ecumenical Temple.
  4624 | D:5      | Entered Level 5 of the Dungeon
  4744 | D:4      | Gained mutation: Your magical capacity is low. (-10% MP)
                  | [potion of mutation]
  4744 | D:4      | Gained mutation: You possess an exceptional clarity of
                  | mind. [potion of mutation]
  4754 | D:4      | HP: 1/45 [poisoned by a worker ant]
  5130 | D:5      | Your scales start taking on an icy white colour.
  5130 | D:5      | Reached XP level 7. HP: 43/50 MP: 4/9
  5130 | D:5      | Gained mutation: Your flesh is cold resistant. (rC+) [White
                  | Draconian growth]
  5933 | D:5      | Reached skill level 1 in Fighting
  6204 | D:6      | Reached skill level 2 in Fighting
  6542 | D:6      | Reached skill level 3 in Fighting
  6607 | D:6      | Reached XP level 8. HP: 57/63 MP: 6/10
  6863 | D:7      | Reached skill level 4 in Fighting
  7078 | D:7      | Reached skill level 5 in Fighting
  7078 | D:7      | Reached skill level 10 in Conjurations
  7878 | D:7      | Noticed a troll
  7886 | D:7      | Reached skill level 6 in Fighting
  7889 | D:7      | Killed a troll
  7889 | D:7      | Reached skill level 7 in Fighting
  8330 | D:7      | Reached XP level 9. HP: 79/81 MP: 1/11
  8467 | D:7      | Reached skill level 8 in Fighting
  9184 | D:8      | Noticed Maurice
  9191 | D:8      | Reached skill level 9 in Fighting
  9197 | D:8      | Killed Maurice
  9266 | D:8      | Reached skill level 10 in Fighting
  9379 | D:8      | Noticed Pikel
  9386 | D:8      | Killed Pikel
  9386 | D:8      | Reached skill level 11 in Fighting
  9861 | D:8      | Reached XP level 10. HP: 96/97 MP: 1/11
 10120 | D:8      | Found a burning altar of Makhleb.
 10120 | D:8      | Noticed a blizzard demon
 10220 | D:9      | Reached skill level 12 in Fighting
 10536 | D:9      | Noticed a two-headed ogre
 10546 | D:9      | Killed a two-headed ogre
 10712 | D:9      | Reached skill level 13 in Fighting
 11561 | D:9      | Got a faintly humming cloak
 11571 | D:9      | Identified the +1 cloak of the Sacrificial Victim {Dex+2}
                  | (You found it on level 9 of the Dungeon)
 11732 | D:10     | Entered Level 10 of the Dungeon
 11813 | D:10     | Reached skill level 14 in Fighting
 12164 | D:10     | Noticed Grum
 12190 | D:10     | Killed Grum
 12340 | D:10     | Learned a level 4 spell: Iskenderun's Mystic Blast
 12406 | D:10     | Noticed a two-headed ogre
 12416 | D:10     | Killed a two-headed ogre
 12416 | D:10     | Reached skill level 5 in Dodging
 12416 | D:10     | Reached XP level 11. HP: 79/110 MP: 0/12
 12626 | D:10     | Learned a level 4 spell: Ice Form
 12873 | D:10     | Found a staircase to the Orcish Mines.
 12924 | D:11     | Noticed a green ugly thing
 13347 | D:10     | Reached skill level 1 in Ice Magic
 14217 | D:11     | Noticed an unseen horror
 14233 | D:10     | Killed an unseen horror
 15090 | D:10     | Bought a scroll of fog for 22 gold pieces
 15090 | D:10     | Bought a scroll of fear for 38 gold pieces
 15090 | D:10     | Bought a scroll of blinking for 82 gold pieces
 15090 | D:10     | Bought a scroll of fear for 38 gold pieces
 15427 | D:10     | Bought a potion of experience for 850 gold pieces
 15427 | D:10     | Reached XP level 12. HP: 117/117 MP: 15/22
 15455 | D:11     | Reached skill level 1 in Evocations
 16522 | Orc:1    | Entered Level 1 of the Orcish Mines
 16652 | Orc:2    | Entered Level 2 of the Orcish Mines
 16689 | Orc:2    | Noticed an orc high priest
 16894 | Orc:2    | Killed an orc high priest
 16894 | Orc:2    | Reached skill level 5 in Stealth
 17052 | Orc:2    | Found Kaipurr's Antique Weapon Shoppe.
 17663 | Orc:2    | Paralysed by an orc sorcerer for 2 turns
 17672 | Orc:1    | Reached XP level 13. HP: 94/124 MP: 13/23
 18140 | Orc:2    | Noticed an orc warlord
 18467 | Orc:2    | an orc warlord changed into a death yak
 19492 | Orc:2    | Found Xymer's Antique Armour Emporium.
 19653 | Orc:2    | Found a staircase to the Elven Halls.
 19834 | Orc:2    | Found Mash's Assorted Antiques.
 19890 | Orc:2    | Paralysed by an orc sorcerer for 7 turns
 20165 | Orc:2    | Found Xoyggywk's Book Emporium.
 20244 | Orc:2    | Found Nukkugyi's General Store.
 20518 | Orc:2    | Bought a book of Transfigurations for 605 gold pieces
 20526 | Orc:2    | Learned a level 7 spell: Dragon Form
 20532 | Orc:2    | Learned a level 5 spell: Irradiate
 20562 | Orc:2    | Reached skill level 1 in Transmutations
 20864 | Orc:1    | Found a runed translucent door.
 20866 | Orc:1    | Noticed relicbr's ghost (journeyman NaIE)
 21019 | Orc:1    | Found a roughly hewn altar of Beogh.
 21227 | Orc:1    | Killed relicbr's ghost
 22286 | D:11     | Found a staircase to the Lair.
 22534 | D:12     | Noticed Psyche
 22537 | D:12     | Cast into level 1 of the Abyss (Psyche)
 22747 | Abyss:1  | Reached skill level 5 in Transmutations
 22835 | Abyss:1  | Noticed a starcursed mass
 22932 | Abyss:1  | Noticed a blizzard demon
 22981 | Abyss:1  | Noticed a tentacled starspawn
 23207 | Abyss:1  | Got a bound lapis lazuli ring
 23219 | Abyss:1  | Noticed an ironheart preserver
 23229 | Abyss:1  | Noticed an ironheart preserver
 23236 | Abyss:1  | Noticed a tentacled starspawn
 23247 | Abyss:1  | Noticed a starcursed mass
 23248 | Abyss:1  | HP: 3/124 [thrashing horror (7)]
 23261 | Abyss:1  | Noticed a purple very ugly thing
 23278 | Abyss:1  | Noticed a lich
 23278 | Abyss:1  | Noticed a starcursed mass
 23294 | Abyss:1  | Mangled by a phantasmal warrior

Illustrated notes

Levels and vault maps discovered:
D:1:      eino_arrival_cavern_b, layout_loops_cross, minmay_hedge_maze,
          minmay_heptomino_h4
D:2:      layout_loops_ring, grunt_temple_overflow_holy_war,
          grunt_temple_overflow_octagram
D:3:      layout_rooms, led_sif_book
D:4:      corexii_shack_village, layout_loops_corners,
          minmay_temple_entry_sparse_star
D:5:      layout_rooms, serial_undead, serial_undead_b, serial_undead_d,
          serial_undead_b, serial_undead_c
D:6:      layout_basic
D:7:      layout_loops_cross, serial_bayou_lagoon_a
D:8:      layout_gridville, makhleb_altar_promises_db, uniq_maurice, uniq_pikel
D:9:      layout_roguey
D:10:     layout_small_grid, orc_0_dummy, minivault_16, uniq_grum
D:11:     layout_cave_pools, minmay_lair_entry_grove
D:12:     layout_basic, basic_altar, gauntlet_entry_generic, sword_in_stone,
          uniq_psyche
Orc:1:    layout_caves, gammafunk_ghost_grave, basic_altar, mines2_lemuel
Orc:2:    grunt_orc_gardens, layout_caves, grunt_orc_garden, grunt_orc_garden,
          grunt_orc_garden, grunt_orc_garden, serial_shops, shop
Abyss:1:  base: D:1, hangedman_abyss_or_decor_jellyfish_corner,
          hangedman_abyss_or_decor_jellyfish_corner

Skill      XL: |  1  2  3  4  5  6  7  8  9 10 11 12 13 |
---------------+----------------------------------------+-----
Stealth        | 2 4 5 6 |  6.1
Conjurations   | 5 6 7 8 9 10 | 10.0
Fighting       | 3 7 11 14 | 14.0
Dodging        | 5 6 7 8 |  8.0
Ice Magic      | 3 |  3.5
Spellcasting   | 8 9 |  9.5
Evocations     | 3 4 |  4.5
Transmutations | 5 |  5.6

Action                   |  1- 3 |  4- 6 |  7- 9 | 10-12 | 13-15 || total
-------------------------+-------+-------+-------+-------+-------++-------
Melee: Unarmed           |    24 |       |       |       |       ||    24
       Tailslap          |     3 |     6 |    15 |    26 |    15 ||    65
       Dagger            |     1 |       |       |   227 |   131 ||   359
       Battleaxe         |     6 |    36 |   179 |    65 |       ||   286
 Cast: Magic Dart        |    31 |     2 |     4 |       |       ||    37
       Searing Ray       |    18 |    35 |    70 |   114 |    66 ||   303
       Iskenderun's Myst |       |       |       |     9 |    16 ||    25
       Irradiate         |       |       |       |       |     1 ||     1
Invok: Call Merchant     |       |       |       |     2 |       ||     2
       Potion Petition   |       |       |       |       |     2 ||     2
 Abil: Breathe Frost     |       |       |     6 |     7 |     7 ||    20
Evoke: Wand              |       |     2 |     4 |     4 |    20 ||    30
  Use: Scroll            |       |     5 |     5 |     7 |    11 ||    28
       Potion            |       |     4 |     5 |     5 |     7 ||    21
 Stab: Sleeping          |       |     1 |       |       |     3 ||     4
       Distracted        |       |       |     1 |       |     1 ||     2
Armor: Skin              |    14 |    38 |   193 |   191 |    89 ||   525
Dodge: Dodged            |    46 |    75 |   299 |   432 |   226 ||  1078

Table legend: (Time is in decaauts)
 A = Elapsed time spent in this place.
 B = Non-inter-level travel time spent in this place.
 C = Inter-level travel time spent in this place.
 D = Time resting spent in this place.
 E = Time spent auto-exploring this place.
 F = Levels seen in this place.
 G = Mean time per level.
                   A        B        C        D        E       F      G
               +--------+--------+--------+--------+--------+-----+--------+
         Total |  23545 |  22586 |    959 |   8419 |  10186 |  15 | 1569.7 |
       Dungeon |  17629 |  16848 |    781 |   5335 |   8715 |  12 | 1469.1 |
  Orcish Mines |   5189 |   5011 |    178 |   2727 |   1390 |   2 | 2594.5 |
         Abyss |    727 |    727 |      0 |    356 |     81 |   1 |  727.0 |
               +--------+--------+--------+--------+--------+-----+--------+

Top non-repeatable levels by time:
    D:10: 4199 daAuts
   Orc:1: 2630 daAuts
   Orc:2: 2558 daAuts
     D:7: 2166 daAuts
     D:4: 2030 daAuts
     D:9: 1539 daAuts
    D:11: 1444 daAuts
     D:2: 1362 daAuts
     D:8: 1281 daAuts
     D:3: 1238 daAuts
     D:5: 1107 daAuts
     D:6: 755 daAuts
 Abyss:1: 727 daAuts
     D:1: 457 daAuts
    D:12: 45 daAuts
